 Dungeon Crawl Stone Soup version 0.30.0-18-gc0e69614cb (webtiles) character file.

Game seed: 14103527419143069134

7 Josd the Sneak (level 2, 0/22 HPs)
             Began as a Naga Enchanter on May 24, 2023.
             Slain by a quokka (3 damage)
             ... on level 1 of the Dungeon.
             The game lasted 00:02:43 (273 turns).

Josd the Sneak (Naga Enchanter)                      Turns: 273, Time: 00:02:46

Health: 0/22       AC:  1    Str: 10    XL:     2   Next: 4%
Magic:  5/5        EV:  9    Int: 15    God:
Gold:   9          SH:  0    Dex: 11    Spells: 5/5 levels left

rFire   . . .        a - +1 dagger
rCold   . . .        (no shield)
rNeg    . . .        b - +0 robe
rPois   +            (no helmet)
rElec   .            (no cloak)
rCorr   .            (no gloves)
SInv    +            (no barding)
Will    .....        (no amulet)
Stlth   +++          (no ring)
HPRegen 0.23/turn    (no ring)
MPRegen 0.09/turn

%: no passive effects
@: short of breath, very slow
A: AC +0, large, see invisible, deformed body, poison resistance, slowness 2,
spit poison 1, naga tail 1
a: Spit Poison


You were on level 1 of the Dungeon.
You visited 1 branch of the dungeon, and saw 1 of its levels.

You collected 9 gold pieces.

Inventory:

Hand Weapons
 a - a +1 dagger (weapon)
Armour
 b - a +0 robe (worn)
Scrolls
 e - a scroll of fear {unknown}
Potions
 c - 2 potions of invisibility
 d - 2 potions of curing {unknown}


   Skills:
 + Level 1.1 Short Blades
 + Level 1.5 Dodging
 + Level 4.9 Stealth
 + Level 2.0 Spellcasting
 + Level 3.1 Hexes


You had 5 spell levels left.
You didn't know any spells.
Your spell library contained the following spells:

 Spells                   Type           Power      Damage    Failure   Level
 Ensorcelled Hibernation  Hex/Ice        12%        N/A       17%         2
 Confusing Touch          Hex            10%        N/A       19%         3
 Tukima's Dance           Hex            10%        N/A       19%         3
 Dazzling Flash           Conj/Hex       12%        N/A       34%         3


Dungeon Overview and Level Annotations

Branches:
Dungeon (1/15)

Altars:


Innate Abilities, Weirdness & Mutations

Your serpentine skin is tough. (AC +0)
You have supernaturally acute eyesight. (SInv)
Armour fits poorly on your strangely shaped body.
Your system is resistant to poisons. (rPois)
You cover ground very slowly.
You can spit poison.
You have a snake-like lower body.


Message History

The ball python is severely wounded.
The ball python completely misses you.
You closely miss the ball python.
The ball python is severely wounded.
The ball python bites you but does no damage.
You hit the ball python.
You kill the ball python!
You have got your breath back.
You see here a ball python corpse.
As you open the door, it creaks loudly!
A quokka comes into view.
The quokka bites you.
There is an open door here.
Aiming: Spit Poison (2% risk of failure)
Press: ? - help, Q - select action Shift-Dir - straight line, f - quokka
Aim: a quokka (45% to hit)
The splash of poison misses the quokka.
The quokka bites you but does no damage.
The quokka barely misses you. The quokka bites you.
You closely miss the quokka. The quokka closely misses you.
You hit the quokka but do no damage.
You have got your breath back.
The quokka bites you.
You miss the quokka. The quokka bites you.
You barely miss the quokka. The quokka bites you. x2
You hit the quokka.
The quokka is moderately wounded.
The quokka bites you.
* * * LOW HITPOINT WARNING * * *
You hit the quokka but do no damage.
The quokka is moderately wounded.
The quokka bites you.
* * * LOW HITPOINT WARNING * * *
Aiming: Spit Poison (2% risk of failure)
Press: ? - help, Q - select action Shift-Dir - straight line, f/p - quokka
Aim: a quokka (moderately wounded, 45% to hit)
The splash of poison hits the quokka.
The quokka is poisoned.
The quokka is heavily wounded.
The quokka bites you.
You die...

#### ########### ...#
#.........# ...#
#.........+ ...+
######.........##...###
...............#.......
...............#...#
...............'@.#
...............#r.#
.........†.....#...#
...............#..##
......#.########..#
......#.# ##..
........# #.. .####.###
#. ........


You could see a quokka (poisoned).

Vanquished Creatures
  A hobgoblin (D:1)
  5 ball pythons (D:1)
  A frilled lizard (D:1)
  A kobold (D:1)
  A rat (D:1)
9 creatures vanquished.

Notes
Turn   | Place    | Note
-------+----------+-------------------------------------------
     0 | D:1      | Josd the Naga Enchanter began the quest for the Orb.
     0 | D:1      | Reached XP level 1. HP: 15/15 MP: 3/3
   250 | D:1      | Reached XP level 2. HP: 22/22 MP: 5/5
   273 | D:1      | Slain by a quokka

Illustrated notes

Levels and vault maps discovered:
D:1:      dpeg_chamrin_arrival_tetris, layout_basic,
          ebering_ecumenical_altar_rust, corexii_hall_statues_l,
          minmay_heptomino_d4

Action                     || total
---------------------------++-------
  Melee: Dagger            ||    20
Ability: Spit Poison       ||     5
   Stab: Sleeping          ||     2
 Armour: Robe              ||     2
  Dodge: Dodged            ||    12
